 Dungeon Crawl Stone Soup version 0.22-a0-157-g169b76a (webtiles) character file.

74 varam the Vexing (level 4, -19/34 HPs)
             Began as a Gnoll Arcane Marksman on Feb 8, 2018.
             Engulfed by a cloud of flame (23 damage)
             ... on level 2 of the Dungeon.
             The game lasted 00:04:50 (1606 turns).

varam the Vexing (Gnoll Arcane Marksman)            Turns: 1606, Time: 00:04:51

Health: -19/34     AC:  2    Str: 12    XL:     4   Next: 28%
Magic:  5/8        EV: 15    Int: 16    God:
Gold:   57         SH:  0    Dex: 16    Spells: 4/8 levels left

rFire    . . .     SeeInvis .   a - +0 shortbow
rCold    . . .     Gourm    .   (shield currently unavailable)
rNeg     . . .     Faith    .   e - +0 robe
rPois    .         Spirit   .   (no helmet)
rElec    .         Reflect  .   (no cloak)
rCorr    +         Harm     .   (no gloves)
MR       .....                  (no boots)
Stlth    ++........             (no amulet)
HPRegen  0.11/turn              k - ring of resist corrosion
MPRegen  0.11/turn              (no ring)

@: no status effects
A: distributed training, fangs 1, strong nose
a: no special abilities


You were on level 2 of the Dungeon.
You were not hungry.

You visited 1 branch of the dungeon, and saw 2 of its levels.

You collected 57 gold pieces.

Inventory:

Hand Weapons
 a - a +0 shortbow (weapon)
 g - a +0 short sword
Missiles
 d - 19 arrows (quivered)
Armour
 e - a +0 robe (worn)
Jewellery
 k - a ring of resist corrosion (left hand)
Scrolls
 b - a scroll of teleportation {unknown}
 h - a scroll of enchant armour {unknown}
 i - a scroll of remove curse
 j - a scroll of amnesia {unknown}
 l - a scroll of identify
Books
 c - a book of Debilitation

   Spells                             Type                      Level
   a - Corona                         Hexes                        1
   b - Slow                           Hexes                        2
   c - Inner Flame                    Hexes/Fire                   3
   d - Portal Projectile              Hexes/Translocation          3
   e - Cause Fear                     Hexes                        4
   f - Leda's Liquefaction            Hexes/Earth                  4
Comestibles
 f - a ration


   Skills:
 + Level 2.7 Fighting
 + Level 1.0 Short Blades
 + Level 1.0 Long Blades
 + Level 1.0 Axes
 + Level 1.0 Maces & Flails
 + Level 1.0 Polearms
 + Level 1.0 Staves
 + Level 1.0 Slings
 + Level 4.6 Bows
 + Level 1.0 Crossbows
 + Level 1.0 Throwing
 + Level 1.0 Armour
 + Level 4.6 Dodging
 + Level 1.0 Stealth
 + Level 1.0 Shields
 + Level 1.0 Unarmed Combat
 + Level 2.9 Spellcasting
 + Level 0.8 Conjurations
 + Level 5.4 Hexes
 + Level 0.8 Charms
 + Level 0.8 Summonings
 + Level 0.8 Necromancy
 + Level 0.8 Translocations
 + Level 0.8 Transmutations
 + Level 0.8 Fire Magic
 + Level 0.8 Ice Magic
 + Level 0.8 Air Magic
 + Level 0.8 Earth Magic
 + Level 0.8 Poison Magic
 + Level 1.1 Invocations
 + Level 1.0 Evocations


You had 4 spell levels left.
You knew the following spells:

 Your Spells              Type           Power        Failure   Level  Hunger
a - Corona                Hex            ###....      1%          1    #......
b - Inner Flame           Hex/Fire       ##......     16%         3    ###....


Dungeon Overview and Level Annotations

Branches:
Dungeon (2/15)

Altars:


Innate Abilities, Weirdness & Mutations

Your experience applies equally to all skills.
You have very sharp teeth.
Your uncanny sense of smell can sniff out nearby items.


Message History

Robin shouts!
The goblin shouts!
You hear a shout! x3
A bat and a goblin come into view.
Wield which item (- for none, * to show all)? (? for menu, Esc to quit)
a - a +0 shortbow (weapon)
You hear a shout! x3
Firing (i - inventory)
d - 20 arrows (quivered)
Press: ? - help, Shift-Dir - straight line, f/p - goblin
Aim: a goblin (inner flame)
You shoot an arrow. The arrow hits the goblin!
The goblin explodes!
The fiery explosion engulfs Robin.
You kill Robin!
The fiery explosion engulfs you!
Ouch! That really hurt!
* * * LOW HITPOINT WARNING * * *
The fiery explosion engulfs the bat.
You kill the bat!
You are engulfed in blazing flames.
Ouch! That really hurt!
You die...

#. #.######
#......#
###......#
#........#
#........#
#....g...#
#.g..?...##..
ggg..#§§@(......


g.g #§#######.. g #. ## You could see 2 goblins.

Vanquished Creatures
  Robin (D:2)
  A gnoll (D:1)
  An ooze (D:1)
  A leopard gecko (D:1)
  4 bats
  6 giant cockroaches (D:1)
  5 goblins
  10 hobgoblins (D:1)
  5 frilled lizards (D:1)
  4 kobolds (D:1)
  7 rats (D:1)
45 creatures vanquished.

Notes
Turn   | Place    | Note
-------+----------+-------------------------------------------
     0 | D:1      | varam the Gnoll Arcane Marksman began the quest for the Orb.
     0 | D:1      | Reached XP level 1. HP: 17/17 MP: 4/4
   113 | D:1      | Reached XP level 2. HP: 18/23 MP: 5/5
   558 | D:1      | Reached XP level 3. HP: 27/28 MP: 7/7
  1065 | D:1      | Reached skill level 1 in Invocations
  1127 | D:1      | Reached skill level 1 in Short Blades
  1127 | D:1      | Reached skill level 1 in Long Blades
  1127 | D:1      | Reached skill level 1 in Axes
  1127 | D:1      | Reached skill level 1 in Maces & Flails
  1127 | D:1      | Reached skill level 1 in Polearms
  1127 | D:1      | Reached skill level 1 in Staves
  1127 | D:1      | Reached skill level 1 in Slings
  1127 | D:1      | Reached skill level 1 in Crossbows
  1127 | D:1      | Reached skill level 1 in Throwing
  1127 | D:1      | Reached skill level 1 in Armour
  1127 | D:1      | Reached skill level 1 in Stealth
  1127 | D:1      | Reached skill level 1 in Shields
  1127 | D:1      | Reached skill level 1 in Unarmed Combat
  1127 | D:1      | Reached skill level 1 in Evocations
  1196 | D:1      | Reached XP level 4. HP: 23/34 MP: 8/8
  1595 | D:2      | Noticed Robin
  1602 | D:1      | Learned a level 3 spell: Inner Flame
  1606 | D:2      | Killed Robin
  1606 | D:2      | Engulfed by a cloud of flame

Vault maps used:
D:1:      lightli_arrival_quake, roderic_lattice_a, minmay_heptomino_w4
D:2:      uniq_jessica, uniq_robin

Skill      XL: |  1  2  3 |
---------------+----------+-----
Invocations    | 1 |  1.1
Short Blades   | 1 |  1.0
Long Blades    | 1 |  1.0
Axes           | 1 |  1.0
Maces & Flails | 1 |  1.0
Polearms       | 1 |  1.0
Staves         | 1 |  1.0
Slings         | 1 |  1.0
Crossbows      | 1 |  1.0
Throwing       | 1 |  1.0
Armour         | 1 |  1.0
Stealth        | 1 |  1.0
Shields        | 1 |  1.0
Unarmed Combat | 1 |  1.0
Evocations     | 1 |  1.0
Fighting       | |  2.7
Bows           | |  4.6
Dodging        | |  4.6
Spellcasting   | |  2.9
Conjurations   | |  0.8
Hexes          | |  5.4
Charms         | |  0.8
Summonings     | |  0.8
Necromancy     | |  0.8
Translocations | |  0.8
Transmutations | |  0.8
Fire Magic     | |  0.8
Ice Magic      | |  0.8
Air Magic      | |  0.8
Earth Magic    | |  0.8
Poison Magic   | |  0.8

Action                   |  1- 3 |  4- 6 || total
-------------------------+-------+-------++-------
Melee: Short sword       |    86 |    13 ||    99
       Unarmed           |    17 |       ||    17
       Bite              |     7 |       ||     7
 Fire: Shortbow          |    42 |     1 ||    43
 Cast: Corona            |    16 |       ||    16
       Inner Flame       |       |     1 ||     1
  Use: Scroll            |     1 |       ||     1
       Potion            |     1 |       ||     1
 Stab: Sleeping          |     3 |       ||     3
  Eat: Chunk             |     1 |     1 ||     2
Armor: Robe              |    21 |     2 ||    23
Dodge: Dodged            |   104 |     6 ||   110

Table legend:
 A = Spawn XP
 B = Non-spawn XP
 C = Spawn XP percentage of total XP
 D = Spawn monster count
 E = Non-spawn monster count
 F = Spawn count percentage of total count
 G = Total turns spent on level
                    A         B        C        D         E        F      G
               +---------+---------+-------+---------+---------+-------+---------
         Total |       0 |     106 |   0.0 |       0 |      45 |   0.0 |  1606
               +---------+---------+-------+---------+---------+-------+---------
           D:1 |       0 |      87 |   0.0 |       0 |      42 |   0.0 |  1599
           D:2 |       0 |      19 |   0.0 |       0 |       3 |   0.0 |     7
               +---------+---------+-------+---------+---------+-------+---------
